AoeStats
← a.l.a.n.t

Nomad

503249106Analyzed
4v4 RM · 1mo ago on Aug 30, 2026· 53m 50s· 8 players
Game mode
Random Map
Map size
231×231
Population
200
Speed
Normal
Resources
Standard
Victory
Conquest
Starting age
Dark Age
Ending age
Imperial Age
RankedLock teamsTeams togetherTeam positionsShared explorationLock speedFull tech treeHidden civsTurbo modeCheats
Victory
Defeat
🇺🇸 Khmer · United States
1300
+14
🇺🇸 Vietnamese · United States
1298
+14
🇺🇸 Spanish · United States
1296
+14
🇧🇷 Lithuanians · Brazil
1216
+18
🇬🇧 Inca · United Kingdom
1266
-15
🇬🇧 Huns · United Kingdom
1265
-15
🇬🇧 Japanese · United Kingdom
1251
-15
🇬🇧 Britons · United Kingdom
1217
-13
EqualGoat795961
7:05 Loom
17:01 Feudal Age
17:26 Fishing Lines
18:39 Double-Bit Axe
21:17 Castle Age
19:12 Gold Mining
19:32 Stone Mining
22:15 Wheelbarrow
21:27 Town Watch
23:11 Bow Saw
23:39 Gold Shaft Mining
27:04 Padded Archer Armor
28:36 Wheelbarrow
27:47 Town Watch
29:46 Fletching
30:12 Leather Archer Armor
31:43 Bodkin Arrow
37:55 Yeomen
41:38 Imperial Age
44:15 Conscription
48:49 Elite Longbowman
iGSOjDaJuiceMan
4:02 Loom
14:12 Feudal Age
22:16 Castle Age
20:40 Fletching
23:10 Crossbowman
24:17 Padded Archer Armor
37:38 Elite Skirmisher
49:12 Town Watch
50:06 Wheelbarrow
LeightonDunk11
3:32 Loom
14:40 Feudal Age
20:05 Castle Age
19:40 Forging
19:35 Scale Barding Armor
20:08 Bloodlines
21:36 Wheelbarrow
21:45 Iron Casting
21:41 Husbandry
22:18 Double-Bit Axe
24:06 Horse Collar
29:23 Fletching
33:38 Hand Cart
33:45 Bow Saw
34:10 Chain Barding Armor
38:25 Imperial Age
38:50 Heavy Plow
38:48 Town Watch
38:31 Cavalier
40:49 Blast Furnace
40:48 Plate Barding Armor
40:55 Paladin
a.l.a.n.t
12:26 Loom
14:19 Feudal Age
18:16 Castle Age
16:36 Double-Bit Axe
16:45 Horse Collar
22:52 Fletching
36:17 Wheelbarrow
39:01 Imperial Age
36:36 Scale Mail Armor
38:01 Chain Mail Armor
39:27 Town Watch
40:27 Plate Mail Armor
40:08 Forging
40:03 Fabric Shields
39:47 Elite Kamayuk
39:59 Capped Ram
42:20 Squires
42:05 Arson
41:52 Siege Ram
50:26 Forging
52:20 Pikeman
52:57 Halberdier
Isengard
4:43 Loom
12:34 Feudal Age
16:41 Castle Age
14:43 Horse Collar
15:35 Double-Bit Axe
17:43 Bow Saw
18:52 Bloodlines
18:43 Husbandry
18:54 Forging
21:22 Scale Barding Armor
22:03 Iron Casting
25:03 Chain Barding Armor
32:05 Wheelbarrow
31:48 Heavy Plow
32:02 Stone Mining
32:03 Gold Mining
32:49 Town Watch
41:03 Imperial Age
38:52 Hand Cart
41:02 Ballistics
41:06 Heavy Scorpion
41:49 Double Crossbow
42:12 Conscription
42:54 Chemistry
44:53 Fletching
45:42 Man-at-Arms
46:28 Scale Mail Armor
47:28 Blast Furnace
46:20 Long Swordsman
47:21 Capped Ram
49:00 Light Cavalry
50:48 Plate Barding Armor
50:29 Two-Handed Swordsman
51:02 Pikeman
51:59 Chain Mail Armor
UlrikOn
4:44 Loom
14:40 Feudal Age
16:20 Town Watch
18:42 Castle Age
16:57 Double-Bit Axe
17:55 Fishing Lines
18:46 Fletching
21:19 Bodkin Arrow
23:49 Wheelbarrow
24:32 Gillnets
25:25 Bow Saw
27:51 Padded Archer Armor
34:42 Imperial Age
32:23 Horse Collar
33:33 Leather Archer Armor
36:17 Gold Mining
37:34 Bracer
40:46 Ballistics
41:31 Chemistry
41:04 Murder Holes
42:33 Stone Mining
43:42 Ring Archer Armor
46:12 Elite Rattan Archer
46:55 Chatras
47:03 Scale Barding Armor
47:08 Forging
48:22 Paper Money
50:50 Two-Man Saw
50:49 Elite Fire Lancer
51:30 Squires
51:15 Arson
51:31 Scale Mail Armor
52:07 Iron Casting
53:37 Paper Money
badbit
5:18 Loom
13:41 Feudal Age
14:28 Double-Bit Axe
18:49 Castle Age
17:20 Stone Mining
20:15 Fletching
31:59 Wheelbarrow
31:09 Town Watch
42:39 Imperial Age
40:58 Husbandry
41:09 Bloodlines
44:30 Cavalier
47:15 Scale Barding Armor
48:22 Chain Barding Armor
48:13 Forging
49:22 Conscription
49:48 Elite Conquistador
l3av3x
7:14 Loom
13:01 Feudal Age
19:41 Castle Age
17:37 Double-Bit Axe
17:33 Horse Collar
19:49 Horse Collar
22:53 Town Watch
25:47 Wheelbarrow
28:46 Hand Cart
30:14 Heavy Plow
30:33 Stone Mining
33:53 Imperial Age
32:32 Gold Mining
32:54 Bow Saw
32:50 Scale Barding Armor
32:56 Forging
34:43 Chain Barding Armor
34:59 Iron Casting
34:03 Elite Leitis
35:04 Conscription
36:01 Crop Rotation
37:13 Two-Man Saw
39:39 Plate Barding Armor
44:18 Capped Ram
50:49 Stone Shaft Mining
Connection lost

Rejoining the realm…

Still unreachable

The connection could not be restored.

Session expired

The server has moved on; the page needs a fresh start.